 Dungeon Crawl Stone Soup version 0.18.1-6-gd335043 (webtiles) character file.

1639 Scarto the Skirmisher (level 8, -1/65 HPs)
             Began as a Demonspawn Fighter on May 20, 2016.
             Was a Follower of Makhleb.
             Slain by a polar bear (14 damage)
             ... created by the rage of Trog
             ... on level 6 of the Dungeon.
             The game lasted 00:15:56 (5376 turns).

Scarto the Skirmisher (Demonspawn Fighter)          Turns: 5376, Time: 00:15:57

Health: -1/65      AC: 18    Str: 18    XL:     8   Next: 66%
Magic:  8/8        EV:  3    Int: 10    God:    Makhleb [*.....]
Gold:   345        SH:  9    Dex: 12    Spells: 0 memorised, 7 levels left

rFire  + . .     SeeInvis +     F - +3 spear of Departure {flame, MR+}
rCold  . . .     Gourm    +     u - +0 plate armour
rNeg   . . .     Faith    .     c - +0 shield
rPois  +         Spirit   .     y - +1 helmet {SInv}
rElec  .         Dismiss  .     (no cloak)
rCorr  .         Reflect  .     (no gloves)
SustAt .         Harm     .     (no boots)
MR     +....                    b - amulet of the gourmand
Stlth  ..........               B - ring of protection from fire
                                l - ring of poison resistance

@: drained, somewhat resistant to hostile enchantments, extremely unstealthy
A: claws 2, rough black scales 1, demonic guardian 1
a: Renounce Religion


You were on level 6 of the Dungeon.
You worshipped Makhleb.
Makhleb was aware of your devotion.
You were completely stuffed.

You visited 1 branch of the dungeon, and saw 8 of its levels.

You collected 345 gold pieces.

Inventory:

Hand Weapons
 w - the +6 morningstar "Paogy" {drain, +Fly rPois MP+9 Str-5}
   (You found it on level 8 of the Dungeon)

   A truly terrible weapon, it drains the life of those it strikes.
   It affects your strength (-5).
   It protects you from poison.
   It affects your magic capacity (+9).
   It lets you fly.
 F - the +3 spear of Departure (weapon) {flame, MR+}
   (You found it on level 5 of the Dungeon)

   It has been specially enchanted to burn those struck by it, causing extra
   injury to most foes and up to half again as much damage against particularly
   susceptible opponents.
   It affects your resistance to hostile enchantments.
Armour
 c - a +0 shield (worn)
 u - a +0 plate armour (worn)
 y - a +1 helmet of see invisible (worn)
Jewellery
 a - an uncursed ring of wizardry
 b - an amulet of the gourmand (around neck)
 l - a ring of poison resistance (left claw)
 B - a ring of protection from fire (right claw)
Wands
 z - a wand of disintegration (13/24)
Scrolls
 d - a scroll of teleportation
 h - a scroll of immolation {unknown}
 i - 3 scrolls of remove curse
 o - a scroll of magic mapping {unknown}
 r - a scroll of fear {unknown}
 t - 2 scrolls of enchant weapon {unknown}
 A - a scroll of random uselessness {unknown}
 C - a scroll of fog {unknown}
 D - 3 scrolls of amnesia {unknown}
 E - a scroll of blinking {unknown}
Potions
 g - 3 potions of agility
 j - a potion of mutation {unknown}
 k - a potion of curing {unknown}
 n - 2 potions of degeneration
 q - a potion of cancellation
 s - a potion of haste {unknown}
Comestibles
 f - 5 bread rations
 m - 4 slices of pizza
 v - 3 royal jellies
 x - 2 meat rations


   Skills:
 + Level 6.5(6.2) Fighting
   Level 3.5(4.1) Axes
 + Level 3.3(3.8) Maces & Flails
 + Level 1.8(2.7) Polearms
 + Level 5.8(5.5) Armour
 + Level 5.1(4.9) Shields


You had 7 spell levels left.
You didn't know any spells.

Dungeon Overview and Level Annotations

Branches:
Dungeon (8/15)             Temple (0/1) D:6
   Lair: D:8-11

Altars:
Makhleb
Trog


Innate Abilities, Weirdness & Mutations

You have very sharp fingernails.
You are partially covered in rough black scales (AC +4, Dex -1).
A weak demonic guardian rushes to your aid.


Message History

You block the polar bear's attack.
The polar bear claws you but does no damage. x2
The crimson imp hits you.
* * * LOW HITPOINT WARNING * * *
The polar bear bites you but does no damage.
The polar bear claws you but does no damage.
You block the polar bear's attack.
You hit the crimson imp.
The crimson imp is heavily wounded.
The black bear rages.
You block the polar bear's attack.
The polar bear claws you but does no damage.
The polar bear claws you.
* * * LOW HITPOINT WARNING * * *
The crimson imp hits you but does no damage.
The black bear rages.
You miss the crimson imp.
The crimson imp is moderately wounded.
The polar bear bites you!
You die...

.##.#..##.รท....######
.######..###...## .#
#####...#.# .#
#..###.## ### .# #.#
##.# #.# ## ##. #.##
#.# #..####.# ##.#
#.#..5####.## ##
#.###@##.## .#
#..##hh.## .#
#.##h...# .# #.......#
.# ###.....# .#
##....# .# #...## .#
##.## .#
###############


You could see a polar bear (berserk), 2 black bears and a crimson imp.

Vanquished Creatures
  The ghost of Scarto the Skirmisher, an amateur GrFi (D:4)
  An orc warrior (D:8)
  A black bear (D:4)
  An ogre (D:7)
  2 centaurs
  2 giant frogs
  A wyvern skeleton (D:6)
  A howler monkey (D:4)
  A crimson imp (D:5)
  A giant frog zombie (D:6)
  A jelly (D:5)
  A giant frog skeleton (D:6)
  A hound (D:6)
  2 orc priests (D:3)
  A centaur skeleton (D:4)
  An orc wizard (D:3)
  2 iguanas
  2 hell rats (D:6)
  5 worker ants
  A hound skeleton (D:8)
  A howler monkey zombie (D:5)
  5 gnolls
  5 adders
  6 river rats (D:6)
  2 shadow imps
  An ooze (D:1)
  An adder skeleton (D:6)
  A worm (D:1)
  A dart slug (D:1)
  3 giant geckos
  18 orcs
  6 giant cockroaches
  8 goblins
  4 hobgoblins
  8 jackals
  2 quokkas (D:3)
  7 bats
  2 giant gecko skeletons
  A giant gecko zombie (D:5)
  5 giant newts
  5 kobolds
  A quokka zombie (D:5)
  29 rats
151 creatures vanquished.

Vanquished Creatures (collateral kills)
  A phantom (D:4)
  A crimson imp (D:6)
  A jelly (D:6)
  A jackal (D:6)
  A giant gecko skeleton (D:8)
5 creatures vanquished.

Grand Total: 156 creatures vanquished

Notes
Turn   | Place    | Note
--------------------------------------------------------------
     0 | D:1      | Scarto the Demonspawn Fighter began the quest for the Orb.
     0 | D:1      | Reached XP level 1. HP: 18/18 MP: 1/1
   423 | D:1      | Gained mutation: You are partially covered in rough black scales (AC +4, Dex -1). [demonic ancestry]
   423 | D:1      | Reached XP level 2. HP: 24/24 MP: 2/2
   737 | D:1      | Reached XP level 3. HP: 23/29 MP: 3/3
  1466 | D:2      | Gained mutation: You have sharp fingernails. [demonic ancestry]
  1466 | D:2      | Reached XP level 4. HP: 37/37 MP: 4/4
  1531 | D:2      | Reached skill level 4 in Fighting
  1898 | D:3      | Gained mutation: A weak demonic guardian rushes to your aid. [demonic ancestry]
  1898 | D:3      | Reached XP level 5. HP: 8/42 MP: 5/5
  2258 | D:3      | You fall through a shaft for 2 floors!
  2258 | D:5      | Entered Level 5 of the Dungeon
  2541 | D:5      | You fall through a shaft for 3 floors!
  2804 | D:8      | Gained mutation: You have very sharp fingernails. [demonic ancestry]
  2804 | D:8      | Reached XP level 6. HP: 49/49 MP: 6/6
  2836 | D:8      | Noticed an orc warrior
  2873 | D:8      | Killed an orc warrior
  2910 | D:8      | Got a bone morningstar
  2911 | D:8      | Identified the +6 morningstar "Paogy" {drain, +Fly rPois MP+9 Str-5} (You found it on level 8 of the Dungeon)
  2953 | D:8      | Reached skill level 5 in Fighting
  3127 | D:7      | Found a bloodstained altar of Trog.
  3135 | D:7      | Became a worshipper of Trog the Wrathful
  3170 | D:7      | Reached XP level 7. HP: 50/56 MP: 7/7
  3261 | D:5      | Reached skill level 1 in Maces & Flails
  3622 | D:4      | Reached skill level 5 in Armour
  3673 | D:4      | Reached * piety under Trog
  3937 | D:4      | Noticed Scarto's ghost (amateur GrFi)
  3960 | D:4      | Killed Scarto's ghost
  3960 | D:4      | Reached XP level 8. HP: 57/64 MP: 8/8
  4209 | D:4      | Reached skill level 6 in Fighting
  4502 | D:5      | Got a translucent spear
  4503 | D:5      | Identified the +3 spear of Departure {flame, MR+} (You found it on level 5 of the Dungeon)
  4797 | D:6      | Reached skill level 5 in Shields
  4823 | D:6      | Found a burning altar of Makhleb.
  4827 | D:6      | Fell from the grace of Trog
  4827 | D:6      | Became a worshipper of Makhleb the Destroyer
  4956 | D:6      | Found a staircase to the Ecumenical Temple.
  4965 | D:6      | Reached skill level 1 in Polearms
  5080 | D:6      | Reached * piety under Makhleb
  5362 | D:6      | Noticed a polar bear
  5376 | D:6      | Slain by a polar bear

Skill      XL: |  1  2  3  4  5  6  7  8 |
---------------+-------------------------+-----
Axes           | 2 3 |  3.5
Armour         | 3 4 5 |  5.8
Fighting       | 4 5 6 |  6.5
Shields        | 3 4 5 |  5.1
Maces & Flails | 2 3 |  3.3
Polearms       | 1 |  1.8

Action                   |  1- 3 |  4- 6 |  7- 9 || total
-------------------------+-------+-------+-------++-------
Melee: War axe           |   158 |   133 |       ||   291
       Morningstar       |       |     6 |   109 ||   115
       Spear             |       |       |   179 ||   179
  Use: Potion            |       |     2 |     2 ||     4
       Scroll            |       |     4 |     4 ||     8
 Stab: Distracted        |       |     1 |       ||     1
  Eat: Bread ration      |     1 |     1 |     2 ||     4
       Chunk             |       |       |     7 ||     7
Armor: Scale mail        |   110 |    46 |       ||   156
       Chain mail        |       |    20 |       ||    20
       Plate armour      |       |    11 |   237 ||   248
Dodge: Dodged            |    58 |    20 |    36 ||   114
Block: Shield            |    75 |    89 |   125 ||   289
